[Event "ICCopen2017"]
[Site "Internet Chess Club"]
[Date "2017.04.02"]
[Round "10"]
[White "LiangLiang"]
[Black "MATEPROOF"]
[Result "0-1"]
[ICCResult "White forfeits on time"]
[WhiteElo "1811"]
[BlackElo "1995"]
[Opening "Sicilian: Hungarian variation"]
[ECO "B27"]
[NIC "SI.43"]
[Time "20:56:08"]
[TimeControl "180+0"]

1. Nf3 c5 2. e4 g6 3. d4 cxd4 4. Nxd4 Bg7 5. Be3 Nc6 6. Nxc6 bxc6 7. c3 d6
8. Nd2 Nf6 9. Bd3 Ng4 10. O-O Nxe3 11. fxe3 O-O 12. Bc4 d5 13. exd5 cxd5 14.
Bd3 e5 15. Qe2 Be6 16. Rad1 Rb8 17. b3 Qa5 18. c4 Qxa2 19. cxd5 Bxd5 20. Ra1
Qb2 21. Rxa7 Bxb3 22. Rb1 Qc3 23. Ra3 Rfd8 24. Raxb3 Rxb3 25. Rxb3 Qc1+ 26.
Nf1 e4 27. Bxe4 Rd1 28. Bf3 Re1 29. Qf2 Bh6 30. Bd5 Rxf1+ 31. Qxf1 Bxe3+ 32.
Rxe3 Qxe3+ 33. Kh1 Qe7 34. h3 Kg7 35. Qa1+ f6 36. Qb1 Qe5 37. Qb7+ Kh6 38.
Qb3 Qe1+ 39. Kh2 Qe5+ 40. g3 Kg7 41. Qb7+ Kh6 42. Bg2 g5 43. Qf7 Qb2 44.
Qf8+ Kg6 45. Qg8+ Kh6 46. Qf7 Qf2 47. g4 Qf4+ 48. Kg1 Qc1+ 49. Bf1 Qe3+ 50.
Kg2 Qe4+ 51. Kf2 Qf4+ 52. Ke2 Qe4+ 53. Kd2 Qf4+ 54. Ke1 Qe3+ 55. Be2 Qg1+
56. Kd2 Qd4+ 57. Bd3 Qf2+ 58. Kc3 Qc5+ 59. Bc4 Qe5+ 60. Kb4 Qb2+ 61. Bb3
Qd4+ 62. Ka3 Qa1+ 63. Ba2 Qc3+ 64. Bb3 Qa1+ 65. Kb4 Qd4+ 66. Kb5 Qe5+ 67.
Bd5 Qb2+ 68. Kc6 Qe5 69. Kc5 Qc3+ {White forfeits on time} 0-1

[Event "ICCopen2017"]
[Site "Internet Chess Club"]
[Date "2017.04.02"]
[Round "10"]
[White "Bojongrenged"]
[Black "blunderville"]
[Result "0-1"]
[ICCResult "White forfeits on time"]
[WhiteElo "1668"]
[BlackElo "1587"]
[Opening "Anderssen's opening"]
[ECO "A00"]
[NIC "VO.14"]
[Time "20:55:56"]
[TimeControl "180+0"]

1. a3 d5 2. e4 dxe4 3. Nc3 Nc6 4. Nxe4 Nf6 5. Nxf6+ exf6 6. c3 g6 7. d4 Bg7
8. Nf3 O-O 9. Be2 Bg4 10. O-O f5 11. h3 Bxf3 12. Bxf3 Rb8 13. Bf4 Ne7 14.
Qd2 Nd5 15. Bh6 c6 16. Rfe1 Qh4 17. Bxg7 Kxg7 18. Bxd5 cxd5 19. Re5 f4 20.
f3 Rbd8 21. Rae1 Rd7 22. Qf2 Qd8 23. Qd2 Qh4 24. Qf2 Qd8 25. Qe2 Qb6 26. b4
a5 27. Qd2 axb4 28. axb4 Qf6 29. Qa2 Rc8 30. Qb3 Rdc7 31. Qxd5 Rxc3 32. Qxb7
Qh4 33. Qe4 Rc2 34. Rf1 Qg3 35. Qe2 Rxe2 36. Rxe2 Qg5 37. Rd2 Qd5 38. Rb1
Rc4 39. b5 Rxd4 40. Rxd4 Qxd4+ 41. Kh1 Qb6 42. Kh2 h5 43. Rb4 g5 44. Rb2 f5
45. Rb4 Kg6 46. Rb2 g4 47. hxg4 fxg4 48. fxg4 hxg4 49. Rb4 g3+ 50. Kh3 Qe6+
51. Kh4 Qf6+ 52. Kg4 Qg5+ {White forfeits on time} 0-1

[Event "ICCopen2017"]
[Site "Internet Chess Club"]
[Date "2017.04.02"]
[Round "10"]
[White "Peaceful-Death"]
[Black "SasaMike"]
[Result "0-1"]
[ICCResult "White checkmated"]
[WhiteElo "1924"]
[BlackElo "1738"]
[Opening "QGD semi-Slav"]
[ECO "D43"]
[NIC "SL.03"]
[Time "20:56:16"]
[TimeControl "180+0"]

1. d4 Nf6 2. Nf3 d5 3. c4 c6 4. Nc3 e6 5. cxd5 cxd5 6. e4 dxe4 7. Ng5 Bb4 8.
Nxe4 Nxe4 9. Qa4+ Nc6 10. Bb5 Bxc3+ 11. bxc3 O-O 12. Bxc6 bxc6 13. Qxc6 Nxc3
14. Qxa8 Qxd4 15. O-O Ne2+ 16. Kh1 Qxa1 17. Qc6 Qxa2 18. Be3 Qd5 19. Qc2 Bb7
20. f3 Nd4 21. Qb2 e5 22. Rd1 Qc6 23. Bxd4 exd4 24. Qxd4 h6 25. h3 a5 26.
Ra1 Ra8 27. Qe5 a4 28. Qe3 a3 29. Rxa3 Rxa3 30. Qxa3 Ba6 31. Qe3 Qc4 32. Kh2
Kh7 33. Qf4 Qd5 34. Qa4 Bb5 35. Qa1 f6 36. Qb1+ Bd3 37. Qc1 Qe5+ 38. Kg1 Qe2
39. Qc5 Qe1+ 40. Kh2 Qe5+ 41. Qxe5 fxe5 42. Kg3 Kg6 43. Kg4 Bf5+ 44. Kh4 Kf6
45. g4 Bd3 46. Kh5 Bg6+ 47. Kh4 Bf7 48. Kg3 g5 49. h4 gxh4+ 50. Kxh4 Kg6 51.
Kh3 Bd5 52. Kg3 Kg5 53. Kg2 Kf4 54. Kh3 Bxf3 55. Kh4 e4 56. Kh3 e3 57. Kh4
e2 58. Kh5 Bxg4+ 59. Kxh6 e1=Q 60. Kg6 Qe6+ 61. Kg7 Kf5 62. Kf8 Qd7 63. Kg8
Kf6 64. Kh8 Qg7# {White checkmated} 0-1

[Event "ICCopen2017"]
[Site "Internet Chess Club"]
[Date "2017.04.02"]
[Round "10"]
[White "unkavalo"]
[Black "devotional"]
[Result "0-1"]
[ICCResult "White forfeits on time"]
[WhiteElo "2330"]
[BlackElo "2202"]
[Opening "Caro-Kann: anti-anti-Caro-Kann defense"]
[ECO "A11"]
[NIC "EO.64"]
[Time "20:56:10"]
[TimeControl "180+0"]

1. c4 c6 2. e4 d5 3. exd5 cxd5 4. cxd5 Nf6 5. Qa4+ Nbd7 6. Nc3 g6 7. Bc4 Bg7
8. d3 O-O 9. Nf3 a6 10. Qa3 b5 11. Bxb5 Bb7 12. Bc6 Qb6 13. Be3 Qc7 14. Bxb7
Qxb7 15. Qb3 Qxb3 16. axb3 Rfb8 17. Ra3 Nb6 18. Bxb6 Rxb6 19. Kd2 Rd8 20.
Rha1 Nxd5 21. Nxd5 Rxd5 22. Rxa6 Rxb3 23. Ra8+ Bf8 24. Kc2 Rbxd3 25. Rb8 Rd8
26. Raa8 Rxb8 27. Rxb8 Rd7 28. b4 Kg7 29. b5 e6 30. Kc3 Kf6 31. Kc4 Rc7+ 32.
Kb3 Bc5 33. Nd2 Ke7 34. f3 f5 35. Nc4 Rd7 36. Na5 Rd3+ 37. Kc4 Rd5 38. Rb7+
Kd6 39. Nc6 Bg1 40. h3 Rc5+ 41. Kb4 Bf2 42. Rb8 Be1+ 43. Ka4 Rc2 44. Rh8 h5
45. Rh6 Rxg2 46. Nd4 e5 47. Nxf5+ Kc5 48. Ne7 Ra2+ 49. Kb3 Rf2 50. Rxg6
Rxf3+ 51. Kc2 Kxb5 52. Kd1 Bc3 53. h4 Rh3 54. Nd5 Bd4 55. Nc7+ Kb4 56. Ne6
Rxh4 57. Rg8 Kc4 58. Rc8+ Kd3 59. Nc5+ Bxc5 60. Kc1 Rh1+ 61. Kb2 Bd4+ 62.
Kb3 Rb1+ 63. Ka2 Ra1+ 64. Kb3 Rb1+ 65. Ka2 Ra1+ 66. Kb3 Rd1 67. Ka2 Rd2+ 68.
Kb3 Rb2+ 69. Ka3 Rc2 70. Rg8 Rc3+ 71. Ka4 e4 72. Rg3+ Kd2 73. Rg6 Kc1 74.
Rd6 Rc2 75. Rxd4 Rd2 76. Rxe4 Kd1 77. Re1+ Kxe1 78. Kb3 Rd4 79. Kc3 Rg4
{White forfeits on time}
0-1

[Event "ICCopen2017"]
[Site "Internet Chess Club"]
[Date "2017.04.02"]
[Round "10"]
[White "Cjon"]
[Black "Mormegil"]
[Result "0-1"]
[ICCResult "White forfeits on time"]
[WhiteElo "1438"]
[BlackElo "1741"]
[Opening "Bishop's opening: Berlin defense"]
[ECO "C24"]
[NIC "IG.04"]
[Time "20:56:11"]
[TimeControl "180+0"]

1. e4 e5 2. Bc4 Nf6 3. Qf3 Nc6 4. c3 Bc5 5. d3 O-O 6. Bg5 Be7 7. Bxf6 Bxf6
8. h4 d6 9. Nd2 Be6 10. Ne2 Na5 11. Bb5 c6 12. Ba4 b5 13. Bc2 c5 14. g4 Qd7
15. g5 Be7 16. Qg3 f5 17. gxf6 Rxf6 18. f4 exf4 19. Nxf4 Raf8 20. Nxe6 Qxe6
21. O-O-O Qxa2 22. Bb1 Nb3+ 23. Nxb3 Qxb3 24. Bc2 Qe6 25. Rhg1 Rg6 26. Qh2
Qe5 27. Qxe5 dxe5 28. Rxg6 hxg6 29. Rg1 Kh7 30. Rh1 Rf4 31. h5 g5 32. Bd1
Kh6 33. Rg1 Rf2 34. Bg4 Bf6 35. Kb1 Rd2 36. Rd1 Rg2 37. Bf3 Rg3 38. Be2 g4
39. Rh1 Kg5 40. Kc1 a5 41. Kd1 b4 42. c4 a4 43. Rf1 Rh3 44. Rf5+ Kh6 45.
Bxg4 Rg3 46. Be2 a3 47. bxa3 bxa3 48. Kc2 Rg2 49. Kb3 Rxe2 50. Kxa3 Rd2 51.
Ka4 Rxd3 52. Kb5 Rd4 53. Rf1 Rxe4 54. Rd1 Rd4 55. Ra1 Kxh5 56. Ra6 Rd2 57.
Kxc5 e4 58. Re6 Re2 {White forfeits on time} 0-1

[Event "ICCopen2017"]
[Site "Internet Chess Club"]
[Date "2017.04.02"]
[Round "10"]
[White "dashingfox"]
[Black "ZonaLeste"]
[Result "0-1"]
[ICCResult "White checkmated"]
[WhiteElo "1868"]
[BlackElo "1721"]
[Opening "Caro-Kann defense"]
[ECO "B11"]
[NIC "CK.01"]
[Time "20:59:11"]
[TimeControl "180+0"]

1. e4 c6 2. Nc3 d5 3. d3 dxe4 4. dxe4 Qxd1+ 5. Nxd1 e5 6. Bc4 Nf6 7. Nc3
Nbd7 8. Nf3 Bb4 9. Bd3 O-O 10. O-O h6 11. a3 Bxc3 12. bxc3 Nc5 13. Re1 Re8
14. Nd2 b6 15. Nb3 Nxd3 16. cxd3 Ba6 17. c4 Red8 18. Re3 Bxc4 19. Rb1 Bxd3
20. Rb2 Bxe4 21. Nd2 Rd5 22. h4 Bg6 23. Kh2 Ng4+ 24. Kg3 Nxe3 25. fxe3 Rc5
26. Nb3 Rc2 27. Rb1 Rxg2+ 28. Kxg2 Bxb1 29. Bb2 f6 30. Kf3 Rd8 31. a4 Bc2
32. Nc1 Bxa4 33. Ne2 Bd1 34. h5 Rd2 35. Ke4 Bxe2 36. Kf5 Rxb2 37. Kg6 Bd3+
38. e4 Bxe4# {White checkmated} 0-1

[Event "ICCopen2017"]
[Site "Internet Chess Club"]
[Date "2017.04.02"]
[Round "10"]
[White "BillietheKid"]
[Black "CaptEvans"]
[Result "0-1"]
[ICCResult "White forfeits on time"]
[WhiteElo "1428"]
[BlackElo "1704"]
[Opening "King's pawn opening"]
[ECO "B07"]
[NIC "VO.17"]
[Time "20:56:29"]
[TimeControl "180+0"]

1. e4 d6 2. d4 c6 3. c4 f6 4. f4 g6 5. Nf3 Nh6 6. h3 Bg7 7. Bd3 O-O 8. Nc3
f5 9. e5 d5 10. Be3 e6 11. Qd2 a6 12. O-O-O b5 13. c5 a5 14. Ng5 a4 15. Be2
b4 16. Nb1 Nf7 17. g4 Nxg5 18. fxg5 Ba6 19. Bxa6 Nxa6 20. gxf5 exf5 21. Bf4
Nc7 22. h4 Ne6 23. Be3 Qa5 24. h5 b3 25. a3 Qxd2+ 26. Rxd2 Rf7 27. hxg6 hxg6
28. Rdh2 f4 29. Bf2 Nxg5 30. Nc3 Ne4 31. Bh4 f3 32. Bf6 Nxf6 33. exf6 Rxf6
34. Rf2 Rf4 35. Ne2 Bxd4 36. Nxd4 Rxd4 37. Rxf3 Rf8 38. Rxf8+ Kxf8 39. Rh7
Rc4+ 40. Kb1 Rxc5 41. Ra7 d4 42. Rxa4 d3 43. Rd4 Rd5 44. Rf4+ Ke7 45. Rf1 d2
46. Rd1 c5 47. a4 Kd6 48. a5 Kc6 49. a6 Kb6 50. a7 Kxa7 {White forfeits on
time} 0-1

[Event "ICCopen2017"]
[Site "Internet Chess Club"]
[Date "2017.04.02"]
[Round "10"]
[White "jaribu"]
[Black "Nightlife"]
[Result "0-1"]
[ICCResult "White forfeits on time"]
[WhiteElo "1487"]
[BlackElo "1770"]
[Opening "Queen's pawn game"]
[ECO "D00"]
[NIC "QP.07"]
[Time "20:56:49"]
[TimeControl "180+0"]

1. d4 Nf6 2. Nc3 d5 3. Nf3 Bf5 4. Ne5 Nc6 5. e3 Nxe5 6. dxe5 Nd7 7. g4 Bg6
8. f4 e6 9. Bg2 Qh4+ 10. Kf1 Bc5 11. Qe2 O-O 12. a3 Bb6 13. b4 c5 14. Na4
Be4 15. Qb5 Bxg2+ 16. Kxg2 Qxg4+ 17. Kf2 Qh4+ 18. Kf3 Qh5+ 19. Kf2 Rad8 20.
Bb2 d4 21. Rag1 dxe3+ 22. Kxe3 c4+ 23. Nxb6 Nxb6 24. Rg5 Qh3+ 25. Rg3 Qf5
26. Rg2 Nd5+ 27. Ke2 Nxf4+ 28. Kf3 Nxg2+ 29. Kxg2 Qe4+ 30. Kg3 Rd2 31. Rg1
Qe3+ 32. Kh4 Rxh2+ 33. Kg4 Qxg1+ 34. Kf4 Rf2+ 35. Ke4 Qe1+ 36. Kd4 Rd8+ 37.
Kxc4 Rf4+ 38. Kb3 Qe3+ 39. Bc3 Rc8 40. Qd7 Qxc3+ 41. Ka4 Qc6+ 42. Qxc6 Rxc6
43. c3 h5 44. Ka5 h4 45. c4 Rfxc4 46. b5 b6+ {White forfeits on time} 0-1

[Event "ICCopen2017"]
[Site "Internet Chess Club"]
[Date "2017.04.02"]
[Round "10"]
[White "mvillalba"]
[Black "fueguino"]
[Result "1/2-1/2"]
[ICCResult "Game drawn by repetition"]
[WhiteElo "2122"]
[BlackElo "1950"]
[Opening "Sicilian: Najdorf, Adams attack"]
[ECO "B90"]
[NIC "SI.14"]
[Time "20:57:10"]
[TimeControl "180+0"]

1. e4 c5 2. Nf3 d6 3. d4 cxd4 4. Nxd4 Nf6 5. Nc3 a6 6. h3 e6 7. g4 d5 8.
exd5 Nxd5 9. Bg2 Nc6 10. O-O Bc5 11. Nxd5 Nxd4 12. c3 Nc6 13. Bg5 Qxg5 14.
Nc7+ Ke7 15. Nxa8 h5 16. b4 Ba7 17. a4 hxg4 18. Qxg4 Qxg4 19. hxg4 Bd7 20.
b5 Rxa8 21. bxc6 Bxc6 22. Bxc6 bxc6 23. Rab1 Bc5 24. Rb7+ Kf6 25. Kg2 g5 26.
Rd1 Ra7 27. Rxa7 Bxa7 28. Rd7 Bb6 29. Rb7 Ba5 30. c4 c5 31. Kf3 Bb4 32. Ke4
a5 33. f3 Bc3 34. Rc7 Bb4 35. Rc8 Ba3 36. Rd8 Bb4 37. f4 gxf4 38. Kxf4 Bc3
39. Rd7 Bb4 40. g5+ Kg6 41. Ra7 Bc3 42. Rc7 Bb4 43. Rb7 Bc3 44. Rb5 Bb4 45.
Ke4 Kxg5 46. Ke5 f5 47. Kxe6 f4 48. Rb7 f3 49. Rg7+ Kf4 50. Rf7+ Ke3 51. Kd5
f2 52. Re7+ Kd2 53. Rf7 Ke1 54. Re7+ Kd2 55. Rf7 Ke1 56. Re7+ Kd2
{Game drawn by repetition}
1/2-1/2

[Event "ICCopen2017"]
[Site "Internet Chess Club"]
[Date "2017.04.02"]
[Round "10"]
[White "DoctorWho"]
[Black "A4-H5"]
[Result "0-1"]
[ICCResult "White forfeits on time"]
[WhiteElo "1946"]
[BlackElo "1879"]
[Opening "Old Benoni defense"]
[ECO "A43"]
[NIC "OI.09"]
[Time "20:57:18"]
[TimeControl "180+0"]

1. d4 c5 2. d5 b5 3. e4 b4 4. a3 d6 5. axb4 cxb4 6. Nf3 g6 7. c3 Bg7 8. cxb4
Nf6 9. Nc3 O-O 10. h3 e6 11. dxe6 fxe6 12. Bc4 Nc6 13. Qb3 Qe7 14. O-O h6
15. b5 Nd8 16. Nd4 Kh7 17. Be3 Nh5 18. b6 Nf4 19. bxa7 Qg5 20. Bxf4 Qxf4 21.
Nxe6 Nxe6 22. Bxe6 Bxe6 23. Qxe6 Be5 24. g3 Qf3 25. Qg4 Qf7 26. Nd5 h5 27.
Qg5 Rxa7 28. Rxa7 Qxa7 29. Kg2 Bxb2 30. Qe7+ Rf7 31. Qxa7 Rxa7 32. Rb1 Ra2
33. h4 Bd4 34. Rb7+ Kg8 35. Ne7+ Kf8 36. Nxg6+ Ke8 37. Re7+ Kd8 38. Rf7 Rb2
39. Nf4 Ke8 40. Rf5 Ke7 41. Kh3 Be5 42. Nd5+ Ke6 43. Rxh5 Kd7 44. Rh6 Kc6
45. Rh7 Kc5 46. Rc7+ Kd4 47. Rd7 Kxe4 48. Rxd6 Kf5 49. Rd8 Ke4 50. Ne7 Kf3
51. Ng6 Ke2 52. Nxe5 Ke1 53. Rf8 Rxf2 54. Ng4 Re2 55. Nh2 Kd1 56. Ng4 Kd2
57. Rf1 Kd3 58. Rf3+ Re3 59. Rf5 Kd4 60. Rd5+ Ke4 61. Nf6+ Kf3 62. h5 Ke2
63. Rf5 Rxg3+ {White forfeits on time} 0-1

[Event "ICCopen2017"]
[Site "Internet Chess Club"]
[Date "2017.04.02"]
[Round "10"]
[White "BirchRun"]
[Black "VrloJakMK"]
[Result "0-1"]
[ICCResult "White forfeits on time"]
[WhiteElo "1606"]
[BlackElo "1962"]
[Opening "Trompowsky attack (Ruth, Opocenský opening)"]
[ECO "A45"]
[NIC "QP.07"]
[Time "20:58:11"]
[TimeControl "180+0"]

1. d4 Nf6 2. Bg5 Ne4 3. Bf4 c5 4. e3 Qa5+ 5. c3 cxd4 6. exd4 Nf6 7. Nd2 d6
8. Nb3 Qd8 9. Nf3 g6 10. Bb5+ Bd7 11. Bxd7+ Nbxd7 12. O-O Bg7 13. Re1 O-O
14. Qe2 Re8 15. Nbd2 a6 16. Ne4 b5 17. Nxf6+ Nxf6 18. Bg5 Qc7 19. Qd2 Qc6
20. Bh6 Bh8 21. Ng5 a5 22. Re2 b4 23. Rae1 Ra7 24. cxb4 axb4 25. Qxb4 Nd5
26. Qd2 Rxa2 27. Qd3 Qb7 28. Qf3 Bf6 29. Qh3 Rxb2 30. Rxb2 Qxb2 31. Nxh7
Bxd4 32. Rf1 Qe2 33. Bc1 Ra8 34. Ng5 Bg7 35. Qh7+ Kf8 36. Qh3 Nf6 37. Qb3 d5
38. Qb7 Re8 39. Qb3 Qc4 40. Qf3 Rc8 {White forfeits on time} 0-1

[Event "ICCopen2017"]
[Site "Internet Chess Club"]
[Date "2017.04.02"]
[Round "10"]
[White "Troy"]
[Black "ivancele"]
[Result "0-1"]
[ICCResult "White forfeits on time"]
[WhiteElo "1411"]
[BlackElo "1520"]
[Opening "Pirc defense"]
[ECO "B07"]
[NIC "PU.08"]
[Time "20:57:48"]
[TimeControl "180+0"]

1. d4 d6 2. e4 Nf6 3. Bd3 c6 4. Bg5 g6 5. f3 Bg7 6. Ne2 Qc7 7. g3 e5 8. c3
Nbd7 9. Nd2 b5 10. Nb3 a6 11. O-O Bb7 12. Rc1 Rc8 13. f4 exf4 14. Nxf4 O-O
15. Ng2 c5 16. dxc5 dxc5 17. Bxf6 Nxf6 18. Nd2 c4 19. Bb1 Rcd8 20. Qe2 Rfe8
21. Rce1 Rd7 22. h3 Rde7 23. Nf4 Qc6 24. Qg2 Qc5+ 25. Kh2 Qe5 26. Nf3 Qc5
27. Nd5 Nxd5 28. exd5 Rxe1 29. Rxe1 Rxe1 30. Nxe1 Qxd5 31. Qxd5 Bxd5 32. Nc2
f5 33. Ne3 Bb7 34. Bc2 Bh6 35. Ng2 Bc1 36. b3 Bd2 37. bxc4 bxc4 38. Nf4 Bxc3
39. Ne6 Bc6 40. a3 Bb5 41. Nc7 Bb2 42. a4 Bc6 43. Nxa6 c3 44. a5 Be4 45.
Bb3+ Kg7 46. Nc7 c2 {White forfeits on time} 0-1

[Event "ICCopen2017"]
[Site "Internet Chess Club"]
[Date "2017.04.02"]
[Round "10"]
[White "alphajet26"]
[Black "asadue"]
[Result "1-0"]
[ICCResult "Black checkmated"]
[WhiteElo "1697"]
[BlackElo "1248"]
[Opening "Pirc: classical (two knights) system"]
[ECO "B08"]
[NIC "PU.10"]
[Time "20:59:07"]
[TimeControl "180+0"]

1. e4 Nf6 2. Nc3 d6 3. d4 g6 4. Nf3 Bg7 5. Bd3 Nc6 6. O-O a6 7. h3 O-O 8.
Be3 e5 9. d5 Na7 10. a4 Bd7 11. b4 c6 12. Bc4 Re8 13. Qd2 Nh5 14. Bg5 f6 15.
Be3 Qe7 16. g4 Nf4 17. Bxf4 exf4 18. Qxf4 cxd5 19. Nxd5 Qd8 20. Nxf6+ Kh8
21. Nxe8 Qxe8 22. Bd5 Nc6 23. Rae1 Nxb4 24. Bxb7 Rb8 25. Bd5 a5 26. Qxd6
Nxc2 27. Rc1 Nb4 28. Ng5 h6 29. Nf7+ Kh7 30. Rc7 Bxa4 31. Re7 Qf8 32. Ne5
Nc2 33. Qxg6+ Kh8 34. Nf7+ Kg8 35. Nxh6+ Kh8 36. Nf7+ Kg8 37. Ng5+ Kh8 38.
Qh7# {Black checkmated} 1-0

[Event "ICCopen2017"]
[Site "Internet Chess Club"]
[Date "2017.04.02"]
[Round "10"]
[White "glokoll"]
[Black "Magagna"]
[Result "0-1"]
[ICCResult "White forfeits on time"]
[WhiteElo "1555"]
[BlackElo "1739"]
[Opening "Benko's opening"]
[ECO "A00"]
[NIC "VO.09"]
[Time "20:58:06"]
[TimeControl "180+0"]

1. g3 e5 2. Bg2 Nf6 3. c4 c6 4. Nc3 Bb4 5. Qb3 Bxc3 6. Qxc3 Qc7 7. e3 O-O 8.
Ne2 d6 9. d3 Be6 10. O-O Nbd7 11. b4 Rad8 12. a4 Rc8 13. Ba3 Rfd8 14. Rad1
d5 15. cxd5 cxd5 16. Qxc7 Rxc7 17. d4 e4 18. b5 Rdc8 19. Rd2 Nb6 20. a5 Nc4
21. Ra2 Nxa5 22. Bd6 Rd7 23. Rxa5 Rxd6 24. Rxa7 Rb6 25. Rb1 Bd7 26. Ra5 Ne8
27. f4 Nd6 28. Rba1 Rxb5 29. Ra8 Kf8 30. Rxc8+ Bxc8 31. Nc3 Rb6 32. Nxd5 Ra6
33. Rc1 Rc6 34. Ra1 f6 35. Bf1 Be6 36. Nb4 Rc3 37. Kf2 Bc4 38. Ra8+ Kf7 39.
Bxc4+ Nxc4 40. Nd5 Rc2+ 41. Kg1 Kg6 42. Ne7+ Kh6 43. Nf5+ Kg6 44. g4 Re2 45.
Rf8 Nxe3 46. Ne7+ Kh6 47. Ng8+ Kg6 48. Ne7+ Kh6 49. Ng8+ Kg6 50. Ne7+ Kh6
51. Ng8+ Kg6 52. Ne7+ Kh6 53. g5+ fxg5 54. fxg5+ Kxg5 55. Rf2 Rxf2 56. Kxf2
Ng4+ 57. Kg3 Nf6 58. h4+ Kh6 59. Nf5+ Kg6 60. Ne3 Kf7 {White forfeits on
time} 0-1

[Event "ICCopen2017"]
[Site "Internet Chess Club"]
[Date "2017.04.02"]
[Round "10"]
[White "HighGround"]
[Black "Dupinpon"]
[Result "0-1"]
[ICCResult "White forfeits on time"]
[WhiteElo "1335"]
[BlackElo "1599"]
[Opening "Sicilian, Chekhover variation"]
[ECO "B53"]
[NIC "SI.02"]
[Time "20:59:12"]
[TimeControl "180+0"]

1. e4 c5 2. Nf3 d6 3. d4 cxd4 4. Qxd4 a6 5. Bd3 Nf6 6. a3 Nc6 7. Qe3 e5 8.
O-O Be7 9. Qe2 O-O 10. Re1 Be6 11. Nbd2 Qc7 12. Ng5 Nd4 13. Qf1 Nxc2 14.
Bxc2 Qxc2 15. Nxe6 fxe6 16. Qc4 Qxc4 17. Nxc4 Rac8 18. b3 b5 19. Na5 Rc2 20.
Bg5 Rfc8 21. h3 Kf7 22. b4 R8c3 23. f3 Bd8 24. Nb7 Bb6+ 25. Kh1 Ke7 26. Rec1
Rxc1+ 27. Rxc1 Rxc1+ 28. Bxc1 d5 29. exd5 exd5 30. Bg5 d4 31. Bd2 e4 32.
fxe4 Nxe4 33. Bf4 d3 34. Nc5 Nxc5 35. bxc5 Bxc5 36. Bd2 Bxa3 37. Kg1 b4 38.
Kf2 b3 39. Bc3 b2 40. Bxb2 Bxb2 41. Ke3 Kd6 42. Kxd3 Kc5 43. Kc2 Bd4 44. Kb3
Kb5 45. g4 a5 46. Ka2 a4 47. Kb1 Kb4 48. Ka2 Be3 49. h4 a3 50. h5 h6 51. Kb1
Kb3 52. Ka1 Bd4+ 53. Kb1 a2+ 54. Kc1 a1=Q+ 55. Kd2 Qc3+ 56. Ke2 Qe3+ 57. Kf1
Kc2 58. Kg2 Qf2+ {White forfeits on time} 0-1

[Event "ICCopen2017"]
[Site "Internet Chess Club"]
[Date "2017.04.02"]
[Round "11"]
[White "gabitenz"]
[Black "DaveyJones"]
[Result "0-1"]
[ICCResult "White resigns"]
[WhiteElo "915"]
[BlackElo "1452"]
[Opening "Alekhine's defense: Maróczy variation"]
[ECO "B02"]
[NIC "AL.10"]
[Time "21:09:51"]
[TimeControl "180+0"]

1. e4 Nf6 2. d3 e5 3. Nc3 c6 4. Bg5 Be7 5. Qd2 d5 6. exd5 cxd5 7. d4 e4 8.
Bxf6 Bxf6 9. Qe3 O-O 10. O-O-O Bg5 11. f4 exf3 12. Qxg5 Qxg5+ {White
resigns} 0-1

[Event "ICCopen2017"]
[Site "Internet Chess Club"]
[Date "2017.04.02"]
[Round "11"]
[White "ALexiz"]
[Black "F83"]
[Result "0-1"]
[ICCResult "White checkmated"]
[WhiteElo "1768"]
[BlackElo "1926"]
[Opening "Queen's pawn: London system"]
[ECO "A45"]
[NIC "QP.07"]
[Time "21:09:47"]
[TimeControl "180+0"]

1. d4 Nf6 2. Bf4 c5 3. e3 Qb6 4. Nc3 Qxb2 5. Nb5 Na6 6. Bc4 Qb4+ 7. c3 Qxc4
8. a4 d6 9. Nf3 cxd4 10. cxd4 Nb4 11. Rc1 Nd3+ 12. Kd2 Ne4+ 13. Ke2 Nxf4+
14. Ke1 Nxg2# {White checkmated} 0-1

[Event "ICCopen2017"]
[Site "Internet Chess Club"]
[Date "2017.04.02"]
[Round "11"]
[White "Zloy17"]
[Black "Colombiano07"]
[Result "1-0"]
[ICCResult "Black resigns"]
[WhiteElo "2138"]
[BlackElo "1974"]
[Opening "Sicilian: accelerated fianchetto, modern variation with Bc4"]
[ECO "B35"]
[NIC "SI.33"]
[Time "21:10:42"]
[TimeControl "180+0"]

1. e4 c5 2. Nf3 Nc6 3. d4 cxd4 4. Nxd4 g6 5. Nc3 Bg7 6. Be3 Nf6 7. Bc4 O-O
8. Bb3 a5 9. O-O a4 10. Bxa4 Nxe4 11. Nxe4 Rxa4 12. c3 d6 13. Qxa4
{Black resigns}
1-0

[Event "ICCopen2017"]
[Site "Internet Chess Club"]
[Date "2017.04.02"]
[Round "11"]
[White "Sc6"]
[Black "fueguino"]
[Result "1-0"]
[ICCResult "Black checkmated"]
[WhiteElo "1800"]
[BlackElo "1927"]
[Opening "Sicilian: Najdorf, Lipnitzky attack"]
[ECO "B86"]
[NIC "SI.13"]
[Time "21:09:23"]
[TimeControl "180+0"]

1. e4 c5 2. Nf3 d6 3. d4 cxd4 4. Nxd4 Nf6 5. Nc3 a6 6. Bc4 e6 7. Bb3 Nbd7 8.
Be3 Nc5 9. f3 Be7 10. Qd2 O-O 11. O-O-O Bd7 12. h4 b5 13. Qf2 Qb8 14. g4 a5
15. h5 a4 16. g5 Ne8 17. Bxe6 fxe6 18. g6 h6 19. Qd2 b4 20. Nce2 b3 21. cxb3
axb3 22. a3 Rf6 23. Bxh6 gxh6 24. Qxh6 Bf8 25. Qh7# {Black checkmated} 1-0

[Event "ICCopen2017"]
[Site "Internet Chess Club"]
[Date "2017.04.02"]
[Round "11"]
[White "RWu"]
[Black "dashingfox"]
[Result "0-1"]
[ICCResult "White resigns"]
[WhiteElo "1760"]
[BlackElo "1880"]
[Opening "KP: Nimzovich defense"]
[ECO "B00"]
[NIC "VO.04"]
[Time "21:09:27"]
[TimeControl "180+0"]

1. e4 Nc6 2. d4 e5 3. d5 Nce7 4. Nf3 d6 5. c4 f5 6. Nc3 Nf6 7. Bd3 fxe4 8.
Nxe4 Ng6 9. Nfg5 Bg4 10. f3 Bd7 11. Nxf6+ gxf6 12. Nxh7 f5 13. Nxf8 Kxf8 14.
Qc2 Qh4+ 15. g3 Qh5 16. O-O Re8 17. g4 Qh3 18. Bxf5 Bxf5 19. Qxf5+ Kg7 20.
Rf2 Ref8 21. Qe4 Nh4 22. f4 Qxg4+ 23. Kh1 Qd1+ {White resigns} 0-1

[Event "ICCopen2017"]
[Site "Internet Chess Club"]
[Date "2017.04.02"]
[Round "11"]
[White "Neurisdr"]
[Black "Barbos"]
[Result "1-0"]
[ICCResult "Black resigns"]
[WhiteElo "2860"]
[BlackElo "2451"]
[Opening "Sicilian"]
[ECO "B50"]
[NIC "SI.01"]
[Time "21:09:38"]
[TimeControl "180+0"]

1. e4 c5 2. Nf3 d6 3. Bc4 Nf6 4. d3 g6 5. c3 Bg7 6. Bb3 O-O 7. Nbd2 b5 8. h4
a5 9. h5 Nxh5 10. Rxh5 gxh5 11. Ng5 h6 12. Qxh5 hxg5 13. Nf3 Be6 14. Nxg5
Re8 15. Bxe6 fxe6 16. Qf7+ Kh8 17. Nxe6 Bf6 18. Nxd8 Rxd8 19. Be3 Nc6 20.
O-O-O {Black resigns} 1-0

[Event "ICCopen2017"]
[Site "Internet Chess Club"]
[Date "2017.04.02"]
[Round "11"]
[White "Svinotigr"]
[Black "yijiqishi"]
[Result "0-1"]
[ICCResult "White resigns"]
[WhiteElo "1799"]
[BlackElo "1946"]
[Opening "Réti: old Indian attack"]
[ECO "A06"]
[NIC "QP.09"]
[Time "21:09:36"]
[TimeControl "180+0"]

1. Nf3 d5 2. d3 c5 3. Nbd2 Nc6 4. e4 e5 5. g3 Nf6 6. Bg2 Be7 7. O-O h6 8. h4
Be6 9. Qe2 Qd7 10. c3 O-O-O 11. Re1 Bg4 12. Nf1 Rdg8 13. N1h2 g5 14. Nxg4
Nxg4 15. Bh3 gxh4 16. Nh2 h5 17. f3 hxg3 18. Nxg4 hxg4 19. Bxg4 Rxg4 20.
fxg4 Rh2 21. Qf3 Bh4 22. Be3 d4 23. Bd2 Rxd2 24. Re2 Rxe2 25. Qxe2 Qe7 26.
Kg2 Qg5 27. Rf1 Nd8 28. Rf5 Qe3 29. Qxe3 dxe3 30. Rf1 Ne6 31. Rh1 Nf4+ 32.
Kg1 e2 {White resigns} 0-1

[Event "ICCopen2017"]
[Site "Internet Chess Club"]
[Date "2017.04.02"]
[Round "11"]
[White "hawkstorm"]
[Black "TonyYak"]
[Result "1-0"]
[ICCResult "Black resigns"]
[WhiteElo "1652"]
[BlackElo "1387"]
[Opening "Sicilian"]
[ECO "B54"]
[NIC "SI.01"]
[Time "21:10:21"]
[TimeControl "180+0"]

1. e4 c5 2. Nf3 d6 3. d4 cxd4 4. Nxd4 e5 5. Nf3 Nc6 6. Nc3 a6 7. Be3 Nf6 8.
h3 Be7 9. a4 Be6 10. Be2 O-O 11. O-O Qd7 12. Qd2 Rad8 13. Nh2 Bxh3 14. gxh3
Qxh3 15. Kh1 d5 16. exd5 Nxd5 17. Nxd5 Bd6 18. Bg4 Qh4 19. Bg5 e4 20. Bxh4
Bxh2 21. Bxd8 Rxd8 22. Kxh2 f5 23. Bxf5 {Black resigns} 1-0